 Dungeon Crawl Stone Soup version 0.30-a0-394-g3e4acdb0ae (webtiles) character file.

Game seed: 1312925477284024389

92409 retardedninja the Severer (level 16, -4/159 HPs)
             Began as a Hill Orc Fighter on Dec 6, 2022.
             Was an Initiate of Gozag.
             Slain by a water elemental (9 damage)
             ... summoned by Ilsuiw
             ... on level 2 of the Shoals.
             The game lasted 00:45:20 (26089 turns).

retardedninja the Severer (Hill Orc Fighter)       Turns: 26089, Time: 00:45:21

Health: -4/159     AC: 34    Str: 27    XL:     16   Next: 5%
Magic:  0/16       EV:  6    Int: 11    God:    Gozag
Gold:   1836       SH:  0    Dex: 10    Spells: 15/15 levels left

rFire   + + .      SeeInvis +    G - +9 battleaxe (venom)
rCold   . . .      Faith    .    (shield currently unavailable)
rNeg    + . .      Spirit   +    A - +0 crystal plate armour
rPois   +          Reflect  .    i - +1 hat
rElec   .          Harm     .    I - +0 cloak {rF+}
rCorr   .          Rampage  .    E - +1 pair of gloves of Kaesunn {rPois}
Will    +....                    J - +0 pair of boots of Indecent Exposure {rN+ Int+3 SInv}
Stlth   ..........               M - amulet of guardian spirit
HPRegen 0.46/turn                h - +4 ring of slaying
MPRegen 0.15/turn                o - ring of Furr {Wiz Slay+2}

@: engulfed (cannot breathe), mesmerised, invisible, very slow
A: antennae 1, claws 1, iridescent scales 1, fire resistance 1
a: Renounce Religion, Potion Petition, Call Merchant, Bribe Branch


You were on level 2 of the Shoals.
You worshipped Gozag.
Gozag was most pleased with you.
You visited 6 branches of the dungeon, and saw 25 of its levels.
You also visited: Volcano.

You collected 7301 gold pieces.
You spent 1446 gold pieces at shops.
You paid 4019 gold pieces to Gozag.

Inventory:

Hand Weapons
 G - a +9 battleaxe of venom (weapon)
Missiles
 C - 2 throwing nets
Armour
 i - a +1 hat (worn)
 A - a +0 crystal plate armour (worn)
 E - the +1 pair of gloves of Kaesunn (worn) {rPois}
   (You bought it in a shop on level 2 of the Orcish Mines)

   rPois:     It protects you from poison.
 I - a +0 cloak of fire resistance (worn)
 J - the +0 pair of boots of Indecent Exposure (worn) {rN+ Int+3 SInv}
   (You bought it in a shop on level 2 of the Orcish Mines)

   Int:       It affects your intelligence (+3).
   rN:        It protects you from negative energy.
   SInv:      It lets you see invisible.
 L - a +2 pair of gloves
Jewellery
 h - a +4 ring of slaying (left hand)
 o - the ring of Furr (right hand) {Wiz Slay+2}
   (You took it off a hobgoblin on level 4 of the Dungeon)

   [ring of wizardry]

   It improves your spell success rate.
   Slay:      It affects your accuracy & damage with ranged weapons and melee
   (+2).
 q - a +4 ring of evasion
 M - an amulet of guardian spirit (around neck)
Wands
 n - a wand of iceblast (18) (quivered)
 p - a wand of flame (38)
 t - a wand of digging (10)
 w - a wand of polymorph (14)
 y - a wand of charming (10)
Scrolls
 c - a scroll of silence
 g - 5 scrolls of vulnerability
 j - 5 scrolls of poison
 k - a scroll of fog
 l - 2 scrolls of teleportation
 m - 9 scrolls of magic mapping
 r - a scroll of enchant weapon
 v - 4 scrolls of amnesia
 B - 15 scrolls of identify
Potions
 a - 2 potions of resistance
 d - 10 potions of curing
 e - 2 potions of attraction
 f - 3 potions of cancellation
 u - 4 potions of flight
 z - a potion of haste
 F - a potion of lignification
 H - a potion of brilliance
Miscellaneous
 s - a phantom mirror (inert)
 D - a box of beasts


   Skills:
 + Level 18.7 Fighting
 + Level 20.0 Axes
 + Level 17.2 Armour
 - Level 10.0 Shields


You had 15 spell levels left.
You didn't know any spells.
Your spell library contained the following spells:

 Spells                   Type           Power      Damage    Failure   Level
 Summon Small Mammal      Summ           0%         N/A       90%         1
 Ensorcelled Hibernation  Hex/Ice        0%         N/A       96%         2
 Passwall                 Tmut/Erth      0%         N/A       96%         2
 Call Canine Familiar     Summ           0%         N/A       99%         3
 Frozen Ramparts          Ice            0%         1d1       99%         3
 Ignite Poison            Fire/Tmut/Pois 0%         N/A       99%         3
 Inner Flame              Hex/Fire       0%         N/A       99%         3
 Portal Projectile        Hex/Tloc       0%         N/A       99%         3
 Summon Guardian Golem    Hex/Summ       0%         N/A       99%         3
 Swiftness                Air            0%         N/A       99%         3
 Airstrike                Air            0%         2d(0-16)  100%        4
 Flame Wave               Conj/Fire      0%         2d4       100%        4
 Ice Form                 Ice/Tmut       0%         N/A       100%        4
 Leda's Liquefaction      Hex/Erth       0%         N/A       100%        4
 Passage of Golubria      Tloc           0%         N/A       100%        4
 Sticky Flame             Conj/Fire      0%         2d3       100%        4
 Summon Ice Beast         Ice/Summ       0%         N/A       100%        4
 Summon Lightning Spire   Summ/Air       0%         N/A       100%        4
 Blade Hands              Tmut           0%         N/A       100%        5
 Irradiate                Conj/Tmut      0%         3d11      100%        5
 Lee's Rapid Deconstruct  Erth           0%         3d4*      100%        5
 Lightning Bolt           Conj/Air       0%         1d11      100%        5
 Silence                  Hex/Air        0%         N/A       100%        5
 Summon Mana Viper        Hex/Summ       0%         N/A       100%        5
 Statue Form              Tmut/Erth      0%         N/A       100%        6
 Dragon Form              Tmut           0%         N/A       100%        7
 Monstrous Menagerie      Summ           0%         N/A       100%        7
 Ignition                 Fire           0%         3d3       100%        8
 Lehudib's Crystal Spear  Conj/Erth      0%         10d2      100%        8


Dungeon Overview and Level Annotations

Branches:
Dungeon (15/15)            Temple (1/1) D:6            Lair (4/5) D:11
 Shoals (2/4) Lair:3       Spider (1/4) Lair:2        Slime (0/5) Lair:4
    Orc (2/2) D:9             Elf (0/3) Orc:2        Vaults (0/5) D:14
 Depths (0/4) D:15        Volcano (visited)

Altars:
Ashenzari
Cheibriados
Dithmenos
Fedhas
Gozag
Hepliaklqana
Kikubaaqudgha
Makhleb
Okawaru
Qazlal
Ru
Sif Muna
Trog
Uskayaw
Vehumet
Wu Jian
Xom
Yredelemnul
Zin
The Shining One
Beogh
Jiyva

Shops:
D:6 (   D:14 ?*!   Orc:2 [[=:   Lair:3 (*

Annotations:
D:12 3 runed translucent doors, 2FriedEggs's ghost, journeyman DsRe
D:14 3 runed translucent doors, Eweu's ghost, adept DjFE
Shoals:2 Ilsuiw
Orc:1 2 transporters


Innate Abilities, Weirdness & Mutations

You have a pair of small antennae on your head.
You have sharp fingernails.
You are partially covered in iridescent scales. (AC +2)
Your flesh is heat resistant. (rF+)


Message History

The water elemental engulfs you in water!
The water elemental barely misses you.
Ilsuiw points at you and mumbles some strange words.
The shard of ice hits you!!
* * * LOW HITPOINT WARNING * * *
The merfolk siren chants its luring song.
The merfolk hits you but does no damage.
You feel much better.
* * * LOW HITPOINT WARNING * * *
Your lungs strain for air!
The water elemental hits you!
* * * LOW HITPOINT WARNING * * *
The water elemental barely misses you. The water elemental hits you!
* * * LOW HITPOINT WARNING * * *
Ilsuiw whispers, "Come on in, the water's fine."
Ilsuiw hits you but does no damage. The merfolk hits you with a +0 trident.
* * * LOW HITPOINT WARNING * * *
The merfolk siren chants its luring song.
Okay, then.
You cannot read scrolls while unable to breathe!
You feel better.
* * * LOW HITPOINT WARNING * * *
Your lungs strain for air!
The water elemental hits you. x2; The water elemental barely misses you.
Ilsuiw hits you but does no damage.
The merfolk siren chants its luring song.
The merfolk hits you with a +0 trident.
* * * LOW HITPOINT WARNING * * *
Okay, then.
You cannot read scrolls while unable to breathe!
Aiming: Phantom Mirror
Press: ? - help, Dir - move target, f - Ilsuiw
Aim: Ilsuiw, wielding a +2 trident of freezing and wearing a +2 robe of fire resistance (severely wounded, slightly transparent, extremely poisoned)
You reflect Ilsuiw with the mirror!
The mirror clouds!
* * * LOW HITPOINT WARNING * * *
Your lungs strain for air!
The water elemental hits you. The water elemental barely misses you.
The water elemental hits you!
You die...
Your body crumbles into a pile of gold.

≈≈~~~~~~.~~~.~~~~~~~~
≈≈~~~~~~~~~..~..P..P~~
≈≈~~~~~~~~~~..###P..~~
≈≈~~~~~~~~~..## #....
≈≈~~~~~~(.....##...#
≈~~~~~............##
~~~~...!.........#.
###.~~~~~.mm......
#.~~~~~E@E~~~~~~
#..~~~~~~mEP~~~~~
....~~≈~~m..P..~~
#..~~~~.^.......
#..~~~$......P..
#..~~~..........
...~~~~.........
.~~~~~......?..


You could see Ilsuiw (invisible, extremely poisoned), a merfolk, 3 water
elementals, a merfolk siren (mesmerising) and the friendly Ilsuiw (summoned,
invisible, extremely poisoned, drained).

Vanquished Creatures
  Polyphemus (Shoals:2)
  A caustic shrike zombie (D:15)
  Azrael (Orc:1)
  Snorg (D:10)
  2 fire dragons
  A merfolk impaler (Shoals:2)
  Erolcha (Orc:1)
  2 hydras
  A spriggan zombie (D:15)
  2 centaur warriors (D:13)
  Erica (D:9)
  6 ogre magi
  A satyr (Shoals:2)
  25 two-headed ogres
  2 merfolk avatars
  3 boulder beetles
  3 tengu warriors
  A catoblepas (Shoals:1)
  4 death yaks
  A titan zombie (D:15)
  Nergalle (D:12)
  Sonja (Orc:1)
  A sea snake (Shoals:1)
  2 skeletal warriors (D:15)
  A flayed ghost (D:15)
  2 wizards
  An orc knight (Orc:1)
  2 necromancers
  4 lindwurms (Volcano)
  A wolf spider (D:15)
  A fire giant zombie (D:15)
  7 cyclopes
  10 ugly things
  7 manticores
  A merfolk siren (Shoals:2)
  Joseph (D:8)
  A smoke demon (Volcano)
  The ghost of Taurus the Chopper, a novice MiFi of the Shining One (D:5)
  A gargoyle (D:12)
  5 black mambas
  4 cane toads
  Psyche (D:8)
  2 rime drakes
  An unseen horror (D:10)
  An unseen horror (shapeshifter) (D:14)
  8 komodo dragons
  3 kobold demonologists
  A freezing wraith (D:14)
  A komodo dragon (shapeshifter) (D:15)
  3 yaktaurs (D:15)
  4 trolls
  3 tengu conjurers
  2 merfolk
  Grinder (D:6)
  17 blink frogs
  11 slime creatures
  Prince Ribbit (D:5)
  3 polar bears
  A snapping turtle (Shoals:1)
  A water elemental (Shoals:1)
  A jumping spider (Spider:1)
  2 wraiths
  3 culicivoras (Lair:2)
  A shadow (D:12)
  16 yaks
  3 fire elementals (Orc:1)
  7 wyverns
  4 basilisks
  7 steam dragons
  14 vampire mosquitoes
  A redback (Lair:2)
  4 wargs
  2 acid dragons
  3 hell hounds (Orc:1)
  12 water moccasins
  3 black bears
  2 ice beasts
  18 orc warriors
  2 sky beasts (D:7)
  11 wolves
  29 ogres
  5 centaurs
  A phantom (D:5)
  2 kobold brigands
  4 gnoll sergeants
  17 bullfrogs
  A necrophage (D:4)
  4 scorpions
  11 wights
  4 killer bees (D:7)
  A howler monkey (D:7)
  2 electric eels (D:8)
  15 orc priests
  2 gnoll boudas
  3 hounds
  2 jellies (D:7)
  23 orc wizards
  4 iguanas
  Natasha (thrice) (D:2)
  Robin (D:2)
  27 gnolls
  9 adders
  A white imp (D:7)
  2 ufetubi (D:5)
  2 worms
  A dart slug (D:1)
  84 orcs
  7 ball pythons
  5 bats
  7 endoplasms
  3 giant cockroaches
  11 hobgoblins
  2 jackals (D:1)
  2 quokkas
  5 frilled lizards
  14 goblins
  13 kobolds
  5 rats
630 creatures vanquished.

Vanquished Creatures (others)
  A gnoll (D:11)
  An orc (D:7)
  49 bushes (D:15)
  14 fungi
  15 plants
80 creatures vanquished.

Grand Total: 710 creatures vanquished

Notes
Turn   | Place    | Note
-------+----------+-------------------------------------------
     0 | D:1      | retardedninja the Hill Orc Fighter began the quest for the
                  | Orb.
     0 | D:1      | Reached XP level 1. HP: 19/19 MP: 1/1
   114 | D:1      | Reached XP level 2. HP: 27/27 MP: 2/2
   134 | D:1      | Reached skill level 3 in Axes
   319 | D:1      | Reached XP level 3. HP: 32/33 MP: 3/3
   600 | D:2      | Identified the +1 helmet "Hoiphuum" {MP+9 Stlth+}
   600 | D:2      | Noticed Robin
   631 | D:2      | Killed Robin
   632 | D:2      | Reached XP level 4. HP: 19/40 MP: 4/4
   985 | D:2      | Reached skill level 4 in Axes
  1084 | D:2      | Found a faded altar of an unknown god.
  1103 | D:2      | Noticed Natasha
  1109 | D:2      | Killed Natasha
  1110 | D:2      | Reached XP level 5. HP: 46/47 MP: 5/5
  1324 | D:2      | Noticed Natasha
  1334 | D:2      | Killed Natasha
  2408 | D:2      | Noticed Natasha
  2414 | D:2      | Killed Natasha
  2434 | D:4      | Noticed a black bear
  2442 | D:4      | Killed a black bear
  2443 | D:4      | Reached skill level 5 in Fighting
  2443 | D:4      | Reached XP level 6. HP: 55/56 MP: 6/6
  2479 | D:4      | Noticed a black bear
  2497 | D:4      | Killed a black bear
  2498 | D:4      | Reached skill level 5 in Axes
  2498 | D:4      | Reached skill level 5 in Shields
  2583 | D:4      | Reached skill level 5 in Armour
  2598 | D:4      | Found a glowing golden altar of the Shining One.
  2612 | D:4      | You fall into a shaft and drop 2 floors!
  2616 | D:5      | Entered Level 5 of the Dungeon
  2616 | D:5      | Noticed an ice beast
  2625 | D:5      | Reached XP level 7. HP: 47/61 MP: 7/7
  2731 | D:5      | Found a bloodstained altar of Trog.
  2810 | D:5      | Noticed Prince Ribbit
  2846 | D:5      | Killed Prince Ribbit
  2847 | D:5      | Reached skill level 6 in Axes
  2882 | D:5      | Reached XP level 8. HP: 59/71 MP: 8/8
  3105 | D:5      | Found a glowing silver altar of Zin.
  3392 | D:4      | Identified the +1 robe of Love and Death {rC+ Str-4 Int+2
                  | Dex+2}
  3451 | D:4      | Reached skill level 7 in Axes
  3567 | D:4      | Identified the ring of Furr {Wiz Slay+2}
  4224 | D:5      | Found a runed translucent door.
  4226 | D:5      | Noticed Taurus's ghost (novice MiFi)
  4239 | D:5      | Killed Taurus's ghost
  4240 | D:5      | Reached XP level 9. HP: 32/79 MP: 9/9
  4411 | D:6      | Reached skill level 8 in Axes
  4431 | D:6      | Found Busefrae's Antique Weapon Boutique.
  4592 | D:6      | Noticed Grinder
  4607 | D:6      | Paralysed by Grinder for 4 turns
  5011 | D:6      | Paralysed by Grinder for 4 turns
  5019 | D:6      | Killed Grinder
  5172 | D:6      | Found a shimmering blue altar of Sif Muna.
  5252 | D:6      | Found a staircase to the Ecumenical Temple.
  5342 | Temple   | Entered the Ecumenical Temple
  5347 | Temple   | Became a worshipper of Gozag Ym Sagoz the Greedy
  5948 | D:7      | Found a basalt altar of Yredelemnul.
  5987 | D:7      | Reached skill level 9 in Axes
  6138 | D:7      | Found an ancient bone altar of Kikubaaqudgha.
  6551 | D:7      | Reached XP level 10. HP: 80/91 MP: 10/10
  6569 | D:7      | Noticed a kobold demonologist
  6597 | D:7      | Killed a kobold demonologist
  6610 | D:7      | Reached skill level 10 in Axes
  7064 | D:8      | Noticed Joseph
  7682 | D:8      | Killed Joseph
  7683 | D:8      | Reached skill level 10 in Fighting
  7724 | D:8      | Identified the +2 robe of Jaxo {rF+ Regen+ Str+4 Dex-3}
  7733 | D:8      | Noticed Psyche
  7739 | D:8      | Killed Psyche
  8138 | D:8      | Found a hazy altar of Hepliaklqana.
  8413 | D:8      | Gained mutation: You are partially covered in iridescent
                  | scales. (AC +2) [potion of mutation]
  8413 | D:8      | Gained mutation: You have hidden genetic potential. [potion
                  | of mutation]
  8413 | D:8      | Gained mutation: Your flesh is heat resistant. (rF+)
                  | [potion of mutation]
  8646 | D:9      | Found a staircase to the Orcish Mines.
  8765 | D:9      | Found a sacrificial altar of Ru.
  9042 | D:9      | Found a shadowy altar of Dithmenos.
  9043 | D:9      | Noticed Erica
  9048 | D:9      | Killed Erica
  9049 | D:9      | Reached skill level 11 in Axes
  9049 | D:9      | Reached XP level 11. HP: 91/101 MP: 11/11
  9237 | D:10     | Entered Level 10 of the Dungeon
  9436 | D:10     | Noticed Snorg
  9447 | D:10     | Killed Snorg
  9448 | D:10     | Reached skill level 10 in Armour
  9448 | D:10     | Reached skill level 10 in Shields
  9636 | D:10     | Found a hide-covered altar of Uskayaw.
  9637 | D:10     | Found a blossoming altar of Fedhas.
  9692 | D:10     | Found a radiant altar of Vehumet.
  9750 | D:9      | Noticed a six-headed hydra
  9751 | D:9      | Noticed a centaur warrior
  9759 | D:9      | HP: 3/97 [centaur warrior/arrow (7)]
  9939 | D:10     | Found an ornate altar of the Wu Jian Council.
 10093 | D:10     | Identified the +1 flail of the Moon {vorpal, *Noise rF+ rN+
                  | Dex+4}
 10714 | D:11     | Noticed a boulder beetle
 10723 | D:11     | Killed a boulder beetle
 10729 | D:11     | Reached skill level 12 in Axes
 10733 | D:11     | Gained mutation: You have a pair of small antennae on your
                  | head. [hidden potential]
 11090 | D:11     | Found a staircase to the Lair.
 11346 | D:11     | Noticed a boulder beetle
 11363 | D:11     | Killed a boulder beetle
 11585 | D:12     | Found a runed translucent gate.
 11585 | D:12     | Found a runed translucent gate.
 11585 | D:12     | Found a runed translucent gate.
 11586 | D:12     | Noticed 2FriedEggs's ghost (journeyman DsRe)
 11855 | Lair:1   | Entered Level 1 of the Lair of Beasts
 11943 | Lair:1   | Reached skill level 13 in Axes
 11943 | Lair:1   | Reached XP level 12. HP: 103/112 MP: 12/12
 12703 | Lair:2   | Gained mutation: You have sharp fingernails. [hidden
                  | potential]
 12703 | Lair:2   | Lost mutation: You have hidden genetic potential. [hidden
                  | potential expressed]
 12736 | Lair:2   | Found a hole to the Spider Nest.
 13034 | Lair:2   | Reached skill level 14 in Axes
 14312 | Lair:3   | Noticed a four-headed hydra
 14320 | Lair:3   | Killed a seven-headed hydra
 14321 | Lair:3   | Reached XP level 13. HP: 113/124 MP: 13/13
 14358 | Lair:3   | Found a staircase to the Shoals.
 14369 | Lair:3   | Reached skill level 15 in Axes
 14671 | Lair:4   | Found a staircase to the Slime Pits.
 14762 | Lair:4   | Identified the +1 leather armour of Hysapp {Dex+3}
 15800 | Lair:4   | Identified the +0 buckler of Licrun {Slay+2}
 16206 | Orc:1    | Entered Level 1 of the Orcish Mines
 16262 | Orc:1    | Found a transporter.
 16262 | Orc:1    | Noticed an ettin
 16296 | Orc:1    | Noticed Erolcha
 16304 | Orc:1    | Found a dark tunnel.
 16309 | Volcano  | Entered a volcano
 16441 | Volcano  | Reached skill level 15 in Fighting
 16441 | Volcano  | Reached skill level 16 in Axes
 16452 | Volcano  | Noticed a fire dragon
 16460 | Volcano  | Killed a fire dragon
 16624 | Orc:1    | Killed Erolcha
 16770 | Orc:1    | Noticed a stone giant
 16776 | Orc:1    | Found a roughly hewn altar of Beogh.
 16776 | Orc:1    | Found a transporter.
 16785 | Orc:1    | Noticed Sonja
 16792 | Orc:1    | Killed Sonja
 17067 | Orc:1    | You fall into a shaft and drop 1 floor!
 17067 | Orc:2    | Entered Level 2 of the Orcish Mines
 17067 | Orc:2    | Noticed Azrael
 17837 | Orc:2    | Paralysed by an ogre mage for 5 turns
 17898 | Orc:1    | Reached XP level 14. HP: 85/136 MP: 14/14
 18165 | Orc:1    | Reached skill level 17 in Axes
 18165 | Orc:1    | Killed Azrael
 18437 | Orc:2    | Reached skill level 15 in Armour
 18455 | Orc:2    | Found Kabaem Dylun's Antique Armour Shoppe.
 18455 | Orc:2    | Found Xacranud's Book Boutique.
 18456 | Orc:2    | Found Fijuas's Armour Shop.
 18456 | Orc:2    | Found Ruadiame's Jewellery Shoppe.
 18463 | Orc:2    | Bought a pair of polished gloves for 313 gold pieces
 18463 | Orc:2    | Identified the +1 pair of gloves of Kaesunn {rPois} (You
                  | bought it in a shop on level 2 of the Orcish Mines)
 18487 | Orc:2    | Bought the +0 pair of boots of Indecent Exposure {rN+ Int+3
                  | SInv} for 288 gold pieces
 18683 | Orc:2    | Found a staircase to the Elven Halls.
 19253 | Shoals:1 | Entered Level 1 of the Shoals
 19683 | Shoals:2 | Noticed Polyphemus
 20140 | D:12     | Noticed Nergalle
 20147 | D:12     | Killed Nergalle
 20353 | D:12     | Reached skill level 18 in Axes
 21421 | D:13     | Reached XP level 15. HP: 147/147 MP: 15/15
 21911 | D:14     | Found a stormy altar of Qazlal.
 22042 | D:14     | Found Emnow's Distillery.
 22058 | D:14     | Bought a potion of flight for 51 gold pieces
 22058 | D:14     | Bought 3 potions of curing for 153 gold pieces
 22058 | D:14     | Bought a potion of resistance for 170 gold pieces
 22058 | D:14     | Bought a potion of haste for 170 gold pieces
 22058 | D:14     | Bought a potion of invisibility for 136 gold pieces
 22258 | D:14     | Found Waqupiv's Assorted Antiques.
 22266 | D:14     | Bought a square jade amulet for 165 gold pieces
 22339 | D:14     | Found Zoghol's Magic Scroll Emporium.
 22368 | D:14     | Identified the +1 robe of Xekaton {Dex+3}
 22447 | D:14     | Reached skill level 19 in Axes
 22530 | D:14     | Found a gate to the Vaults.
 22644 | D:14     | Found a runed translucent gate.
 22644 | D:14     | Found a runed translucent gate.
 22644 | D:14     | Found a runed translucent gate.
 22644 | D:14     | Noticed an azure jelly
 22775 | D:14     | Noticed a rockslime
 22775 | D:14     | Noticed Eweu's ghost (adept DjFE)
 22776 | D:14     | Noticed a rockslime
 22778 | D:14     | Found a viscous altar of Jiyva.
 22836 | D:15     | Entered Level 15 of the Dungeon
 23464 | D:15     | Found a staircase to the Depths.
 25047 | Spider:1 | Entered Level 1 of the Spider Nest
 25793 | Shoals:2 | Killed Polyphemus
 25795 | Shoals:2 | Reached XP level 16. HP: 127/159 MP: 12/16
 25805 | Shoals:2 | Reached skill level 20 in Axes
 26068 | Shoals:2 | Noticed Ilsuiw
 26089 | Shoals:2 | HP: 4/159 [drowned by a water elemental[Ilsuiw] (6)]
 26089 | Shoals:2 | Slain by a water elemental

Illustrated notes

Levels and vault maps discovered:
D:1:      eino_arrival_tree_alley, layout_rooms, minmay_misc_feat_cross
D:2:      minmay_alternating_diamond, layout_loops_ring,
          ebering_ecumenical_altar_sacrificial, minmay_heptomino_l4, uniq_robin,
          uniq_natasha
D:3:      layout_basic
D:4:      layout_cave_pods, lemuel_crystal_altar
D:5:      layout_loops_ring, zin_academy, amcnicky_altar_gilded,
          ebering_ghost_sewer_d, uniq_prince_ribbit1
D:6:      layout_layer_cave, lemuel_crystal_altar, minmay_temple_entry_wispy,
          serial_shops, nicolae_shop_stone, bh_walls_and_bars, uniq_grinder
D:7:      layout_basic, mainiacjoe_overflow_cross_hatched,
          mainiacjoe_overflow_catwalk, amcnicky_mini_pool_small, nzn_random_ring
D:8:      layout_rooms, mainiacjoe_overflow_brackets, water_boxes_lemuel,
          uniq_psyche, uniq_joseph
D:9:      minmay_klotski, layout_long_grid,
          nicolae_dithmenos_through_a_glass_darkly, nicolae_ru_awakened_eye,
          orc_0_dummy, uniq_erica
D:10:     layout_loops_ring, vehumet_altar_wand_db, minitemple,
          marbit_many_paths, minivault_10, uniq_snorg
D:11:     layout_roguey [special_room_orc], erik_lair_dragon,
          hangedman_decor_riveting
D:12:     layout_loops_ring, gammafunk_ghost_necromancy, uniq_nergalle
D:13:     layout_stronghold, kennysheep_small_circle
D:14:     layout_long_grid, david_vaults_1, nicolae_qazlal_general_emergency,
          serial_shops, shop, shop, nicolae_take_the_stairs,
          gammafunk_ghost_ooze, grunt_ogre_cave
D:15:     gammafunk_depths_entry_grave, layout_grid_maze, serial_park_square2
Temple:   nicolae_temple_ecumenical_triangle
Lair:1:   layout_long_grid
Lair:2:   layout_long_grid, hellmonk_spider_entry_life_and_decay,
          nicolae_quartered_pool_impasse
Lair:3:   layout_gridlike, elwin_shoals_entry_rooms, grunt_megastairs_3
Lair:4:   layout_regular_city, slime_entry_1
Shoals:1: layout_shoals, wheals_shoals_ruined_temple, uniq_aizul
Shoals:2: layout_shoals, nicolae_shop_vocational, uniq_ilsuiw, uniq_roxanne,
          uniq_polyphemus
Spider:1: layout_spider_delve, nicolae_crawler_farm
Orc:1:    gammafunk_beogh_shrine, layout_caves, enter_volcano_4, uniq_sonja,
          uniq_erolcha
Orc:2:    st_orc_ogre_mass, layout_caves, uniq_azrael

Skill      XL: |  1  2  3  4  5  6  7  8  9 10 11 12 13 14 15 16 |
---------------+-------------------------------------------------+-----
Axes           | 3 4 5 6 7 9 11 13 14 16 18 19 20 | 20.0
Fighting       | 4 5 6 7 9 10 12 14 15 17 18 | 18.7
Shields        | 4 5 7 8 9 10 | 10.0
Armour         | 4 5 7 8 9 11 12 14 15 17 | 17.2

Action                   |  1- 3 |  4- 6 |  7- 9 | 10-12 | 13-15 | 16-18 || total
-------------------------+-------+-------+-------+-------+-------+-------++-------
Melee: War axe           |   113 |   132 |   198 |   182 |       |       ||   625
       Battleaxe         |       |       |       |   262 |   640 |    18 ||   920
Throw: Throwing net      |       |       |       |       |     1 |       ||     1
Invok: Potion Petition   |       |       |       |     1 |     2 |       ||     3
       Call Merchant     |       |       |       |       |     2 |       ||     2
Evoke: Wand              |       |       |       |       |     5 |       ||     5
       Phantom mirror    |       |       |       |       |       |     1 ||     1
  Use: Scroll            |       |    11 |    10 |    15 |    15 |       ||    51
       Potion            |       |     4 |     3 |     8 |    10 |     3 ||    28
 Stab: Distracted        |       |       |       |     6 |     2 |     1 ||     9
       Invisible         |       |       |       |       |     9 |     2 ||    11
       Petrified         |       |       |       |       |     5 |       ||     5
       Petrifying        |       |       |       |       |     1 |       ||     1
Armor: Scale mail        |    63 |    82 |       |       |       |       ||   145
       Chain mail        |       |    10 |   113 |   165 |       |       ||   288
       Plate armour      |       |       |       |    94 |       |       ||    94
       Crystal plate arm |       |       |       |    46 |   521 |    28 ||   595
       Skin              |       |       |       |       |     1 |       ||     1
Dodge: Dodged            |    56 |    82 |    88 |   145 |   200 |    11 ||   582
Block: Buckler           |    24 |    38 |    62 |    14 |       |       ||   138
       Kite shield       |       |       |       |    99 |       |       ||    99

Table legend: (Time is in decaauts)
 A = Elapsed time spent in this place.
 B = Non-inter-level travel time spent in this place.
 C = Inter-level travel time spent in this place.
 D = Time resting spent in this place.
 E = Time spent auto-exploring this place.
 F = Levels seen in this place.
 G = Mean time per level.
                   A        B        C        D        E       F      G
               +--------+--------+--------+--------+--------+-----+--------+
         Total |  26118 |  24020 |   2098 |   5565 |  14085 |  26 | 1004.5 |
       Dungeon |  17160 |  15764 |   1396 |   3505 |   9628 |  15 | 1144.0 |
        Temple |     10 |     10 |      0 |      0 |      0 |   1 |   10.0 |
          Lair |   5181 |   4701 |    480 |   1220 |   2609 |   4 | 1295.2 |
        Shoals |    894 |    850 |     44 |    283 |    388 |   2 |  447.0 |
   Spider Nest |     31 |     31 |      0 |      0 |      0 |   1 |   31.0 |
  Orcish Mines |   2537 |   2361 |    176 |    505 |   1323 |   2 | 1268.5 |
       Volcano |    302 |    302 |      0 |     51 |    135 |   1 |  302.0 |
               +--------+--------+--------+--------+--------+-----+--------+

Top non-repeatable levels by time:
    D:15: 1986 daAuts
  Lair:2: 1798 daAuts
     D:7: 1790 daAuts
    D:11: 1755 daAuts
   Orc:1: 1612 daAuts
  Lair:3: 1552 daAuts
     D:5: 1424 daAuts
     D:2: 1409 daAuts
    D:10: 1230 daAuts
  Lair:4: 1087 daAuts
     D:6: 1077 daAuts
    D:14: 1022 daAuts
    D:13: 943 daAuts
   Orc:2: 924 daAuts
     D:4: 895 daAuts
